 Dungeon Crawl Stone Soup version 0.16.0-6-gad6103a (console) character file.

444 gw the Cudgeler (level 7, -3/72 HPs)
             Began as an Ogre Gladiator on Mar 15, 2015.
             Was an Initiate of Qazlal.
             Slain by a centaur (8 damage)
             ... on level 5 of the Dungeon.
             The game lasted 00:05:15 (4392 turns).

gw the Cudgeler (Ogre Gladiator)                    Turns: 4392, Time: 00:05:15

Health: -3/72      AC:  3    Str: 21    XL:     7   Next: 3%
Magic:  9/9        EV: 11    Int:  7    God:    Qazlal [......]
Gold:   193        SH:  0    Dex: 12    Spells: 0 memorised, 6 levels left

rFire  . . .     SeeInvis .     b - +0 giant spiked club
rCold  . . .     Clarity  .     g - +0 animal skin
rNeg   + . .     SustAb   .     (shield restricted)
rPois  .         Gourm    .     c - +0 hat
rElec  .         Spirit   .     (no cloak)
rCorr  .         Warding  +     (gloves unavailable)
rMut   .         Stasis   .     (boots unavailable)
MR     .....                    w - amulet of warding
Stlth  +.........               (no ring)
                                (no ring)

@: not resistant to hostile enchantments, very unstealthy
A: unfitting armour, tough skin 1
a: Renounce Religion


You were on level 5 of the Dungeon.
You worshipped Qazlal.
Qazlal was noncommittal.
You were not hungry.

You visited 1 branch of the dungeon, and saw 5 of its levels.

You collected 193 gold pieces.

Inventory:

Hand weapons
 b - a +0 giant spiked club (weapon)
Missiles
 d - 3 throwing nets
 i - 205 stones
 k - a javelin (quivered)
 l - 27 poisoned needles
Armour
 c - a +0 hat (worn)
 g - a +0 animal skin (worn)
Jewellery
 w - an amulet of warding (around neck)
Magical devices
 a - a wand of polymorph (1)
 e - a wand of cold (10)
Scrolls
 h - 5 scrolls of identify
 j - 6 scrolls of remove curse
 o - a scroll of recharging
Potions
 m - a potion of curing
Comestibles
 f - 2 meat rations
 n - a chunk of flesh
 p - 2 bread rations


   Skills:
 + Level 5.0 Fighting
 + Level 6.3 Maces & Flails
 + Level 3.9 Throwing
 + Level 3.7 Dodging
 * Level 2.5 Invocations


You had 6 spell levels left.
You didn't know any spells.

Dungeon Overview and Level Annotations

Branches:
Dungeon (5/15)
 Temple: D:4-7

Altars:
Qazlal
Sif Muna

Shops:
D:4 }?

Annotations:
D:3 exclusion: 2 downstairs


Innate Abilities, Weirdness & Mutations

You are too large for most types of armour.
You have tough skin (AC +1).


Message History

ATTACK MOVE TO (-1,0)
The centaur unwields an uncursed shortbow.
The centaur barely misses you. The centaur closely misses you.
Unknown command.
Unknown command.
Unknown command.
Unknown command.
ATTACK MOVE TO (-1,0)
You barely miss the centaur.
The centaur is moderately wounded.
The centaur hits you. The centaur barely misses you.
Unknown command.
Unknown command.
Unknown command.
Unknown command.
ATTACK MOVE TO (-1,0)
You barely miss the centaur.
The centaur is moderately wounded.
The centaur hits you!
You die...

... #.# #.# ##.###
#(... ##..# #
.########...##.#
......lcO......+
.########(((##.#...
##(###.##...
##W........
#..)....#.
####.......##+#
#..........##.#
#.##W......##.####
#)##..............


You could see a phantom, a centaur and a giant gecko.

Table legend:
 A = Turns spent in this place as a percentage of turns spent in the entire game.
 B = Non-inter-level travel turns spent in this place as a percentage of non-inter-level travel turns spent in the entire game.
 C = Inter-level travel turns spent in this place as a percentage of turns spent in this place.
 D = Turns resting spent in this place as a percentage of non-inter-level travel turns spent in this place.
 E = Turns spent auto-exploring this place as a percentage of non-inter-level travel turns spent in this place.
 F = Non-inter-level travel turns spent in this place divided by the number of levels of this place that you've seen.
                   A       B       C       D       E      F
               +-------+-------+-------+-------+-------+----------------------
         Total | 100.0 | 100.0 |   0.4 |   0.8 |   2.7 | 1294.8
       Dungeon | 100.0 | 100.0 |   0.4 |   0.8 |   2.7 | 1294.8
               +-------+-------+-------+-------+-------+----------------------

Table legend:
 A = Kills in this place as a percentage of kills in entire the game.
 B = Kills by you in this place as a percentage of kills by you in the entire game.
 C = Kills by friends in this place as a percentage of kills by friends in the entire game.
 D = Other kills in this place as a percentage of other kills in the entire game.
 E = Experience gained in this place as a percentage of experience gained in the entire game.
 F = Experience gained in this place divided by the number of levels of this place that you have seen.
                   A       B       C       D       E      F
               +-------+-------+-------+-------+-------+----------------------
         Total | 100.0 | 100.0 |  -nan |  -nan | 100.0 | 127.0
       Dungeon | 100.0 | 100.0 |  -nan |  -nan | 100.0 | 127.0
               +-------+-------+-------+-------+-------+----------------------

Vanquished Creatures
  An ice beast (D:5)
  An ogre (D:3)
  A hound (D:4)
  An iguana (D:4)
  A worker ant (D:5)
  Ijyb (D:3)
  A gnoll (D:3)
  8 adders
  A shadow imp (D:5)
  3 worms
  14 orcs
  A ball python (D:2)
  6 giant cockroaches
  4 hobgoblins
  5 jackals
  4 kobolds
  2 quokkas
  8 bats
  2 giant newts
  6 goblins
  A quokka skeleton (D:5)
  5 rats
77 creatures vanquished.

Notes
Turn   | Place    | Note
--------------------------------------------------------------
     0 | D:1      | gw, the Ogre Gladiator, began the quest for the Orb.
     0 | D:1      | Reached XP level 1. HP: 22/22 MP: 1/1
   202 | D:1      | Reached XP level 2. HP: 21/31 MP: 2/2
   796 | D:1      | You fall through a shaft!
   842 | D:2      | Reached XP level 3. HP: 37/37 MP: 3/3
  1254 | D:2      | Reached skill level 5 in Maces & Flails
  1673 | D:3      | Noticed Ijyb
  1678 | D:3      | Killed Ijyb
  1678 | D:3      | Reached XP level 4. HP: 45/48 MP: 4/4
  2627 | D:3      | Reached XP level 5. HP: 54/54 MP: 5/5
  2803 | D:4      | Found Atoila's Magic Scroll Shop.
  2856 | D:4      | Noticed an ogre
  2869 | D:4      | Found a deep blue altar of Sif Muna.
  2904 | D:4      | Noticed an ogre
  3197 | D:4      | Found a stormy altar of Qazlal.
  3205 | D:4      | Became a worshipper of Qazlal Stormbringer
  3242 | D:4      | Found Bulix's Gadget Emporium.
  3443 | D:3      | Killed an ogre
  3443 | D:3      | Reached skill level 6 in Maces & Flails
  3443 | D:3      | Reached skill level 1 in Invocations
  3443 | D:3      | Reached XP level 6. HP: 51/63 MP: 5/7
  4059 | D:5      | Entered Level 5 of the Dungeon
  4228 | D:5      | Reached skill level 5 in Fighting
  4228 | D:5      | Reached XP level 7. HP: 58/72 MP: 7/9
  4392 | D:5      | Slain by a centaur

Action                   |  1- 3 |  4- 6 |  7- 9 || total
-------------------------+-------+-------+-------++-------
Melee: Flail             |    26 |    39 |       ||    65
       Giant spiked club |       |    38 |     7 ||    45
Throw: Stone             |     4 |    17 |     2 ||    23
       Javelin           |    28 |    68 |     4 ||   100
  Use: Scroll            |     8 |     5 |       ||    13
       Potion            |     6 |     2 |       ||     8
  Eat: Chunk             |     1 |     9 |     1 ||    11

Vault maps used:
D:1:      minmay_arrival_open_corners
D:3:      uniq_iyjb
D:4:      lemuel_coloured_pillars_altar, overflow_temple_1_default,
          serial_shops, nicolae_shop_trees, shop_fountains, first_bread
